 Dungeon Crawl Stone Soup version 0.31-a0-196-g86fe4a5e66 (webtiles) character file.

Game seed: 15614622792787655128

46 qw the Shooter (level 3, -3/20 HPs)
             Began as a Deep Elf Hunter on June 24, 2023.
             Slain by a gnoll
             ... wielding a +0 flail
              (6 damage)
             ... on level 2 of the Dungeon.
             The game lasted 00:00:24 (1289 turns).

qw the Shooter (Deep Elf Hunter)                    Turns: 1289, Time: 00:00:24

Health: -3/20      AC:  6    Str: 10    XL:     3   Next: 46%
Magic:  5/5        EV:  9    Int: 13    God:
Gold:   85         SH:  0    Dex: 18    Spells: 2/2 levels left

rFire   . . .        Y - +0 shortbow
rCold   . . .        (shield currently unavailable)
rNeg    . . .        e - +0 scale mail
rPois   .            (no helmet)
rElec   .            (no cloak)
rCorr   .            (no gloves)
SInv    .            (no boots)
Will    .....        (no amulet)
Stlth   +            (no ring)
HPRegen 0.23/turn    (no ring)
MPRegen 0.09/turn

%: no passive effects
@: no status effects
A: no striking features
a: no special abilities


You were on level 2 of the Dungeon.
You visited 1 branch of the dungeon, and saw 2 of its levels.

You collected 85 gold pieces.


   Skills:
 - Level 1.5 Fighting
 + Level 7.0 Ranged Weapons
 - Level 2.4 Dodging
 - Level 1.2 Stealth


You had 2 spell levels left.
You didn't know any spells.
Your spell library was empty.

Inventory:

Hand Weapons
 Y - a +0 shortbow (weapon)
Armour
 c - a +0 cloak
 e - a +0 scale mail (worn)
Jewellery
 a - a ring of poison resistance
Scrolls
 i - a scroll of identify {unknown}
 j - a scroll of silence {unknown}
Potions
 b - a potion of berserk rage {unknown}
 d - a potion of magic {unknown}
 f - a potion of heal wounds {unknown}
 g - a potion of curing {unknown}
 h - a potion of brilliance {unknown}

Dungeon Overview and Level Annotations

Branches:
Dungeon (2/15)

Altars:


Message History

You shoot an arrow. The gnoll shouts!
The arrow hits the gnoll!
The gnoll is heavily wounded.
A gnoll comes into view. It is wielding a +0 club.
You shoot an arrow. The arrow completely misses the gnoll.
The gnoll shouts!
The arrow hits the gnoll.
The gnoll is severely wounded.
A giant cockroach comes into view.
You shoot an arrow. The arrow closely misses the gnoll.
The arrow completely misses the gnoll.
The arrow hits the gnoll.
The gnoll is heavily wounded.
You shoot an arrow. The arrow closely misses the gnoll. x2
The arrow hits the gnoll!
You kill the gnoll!
The hobgoblin hits you but does no damage.
Your Ranged Weapons skill increases to level 7!
You shoot an arrow. The arrow hits the gnoll.
The gnoll is severely wounded.
The gnoll closely misses you.
The gnoll hits you from afar with a +0 spear.
The hobgoblin hits you.
You shoot an arrow. The arrow barely misses the gnoll.
The gnoll hits you from afar with a +0 spear.
The hobgoblin hits you but does no damage.
The gnoll closely misses you. The gnoll hits you with a +0 flail.
The gnoll hits you but does no damage. The hobgoblin barely misses you.
You shoot an arrow.
The arrow hits the gnoll but does no damage.
The gnoll is severely wounded.
The gnoll barely misses you. The gnoll misses you.
The hobgoblin closely misses you.
You shoot an arrow. The arrow hits the gnoll.
The gnoll is almost dead.
The gnoll hits you with a +0 flail. The gnoll barely misses you.
The hobgoblin barely misses you.
The gnoll hits you from afar with a +0 spear.
The gnoll hits you with a +0 flail.
You die...

#.......#.....#.........
##....)##.....#.........
#.............##........
#.......#)..............
#.............##........
##......#####.#.........
##...#.# #...........
###...# ##..........
##g@# #.#........
##.g....#%####.....
#g####<#.# ##.### #B# #
# #g# # #)# ..# ...


You could see 3 gnolls, a giant cockroach and a hobgoblin.

Vanquished Creatures
  A gnoll (D:2)
  A worm (D:2)
  5 ball pythons
  3 endoplasms (D:1)
  2 giant cockroaches (D:1)
  4 hobgoblins
  5 bats
  4 frilled lizards
  4 goblins
  3 kobolds
  4 rats
36 creatures vanquished.

Notes
Turn   | Place    | Note
-------+----------+-------------------------------------------
     0 | D:1      | qw the Deep Elf Hunter began the quest for the Orb.
     0 | D:1      | Reached XP level 1. HP: 12/12 MP: 3/3
     0 | D:1      | 0 ||| qw: Version: 0.3-a-9-g12657ce
     0 | D:1      | 0 ||| qw: Game counter: 4843
     0 | D:1      | 0 ||| qw: Always use a shield: true
     0 | D:1      | 0 ||| qw: God list: Okawaru
     0 | D:1      | 0 ||| qw: Allow faded altars: false
     0 | D:1      | 0 ||| qw: Do Orc after D:15 true
     0 | D:1      | 0 ||| qw: Do second Lair branch before Depths: true
     0 | D:1      | 0 ||| qw: Lair rune preference: random
     0 | D:1      | 0 ||| qw: Plans: Normal
     0 | D:1      | 0 ||| PLANNING D:1-11
   286 | D:1      | Reached skill level 6 in Ranged Weapons
   286 | D:1      | Reached XP level 2. HP: 16/16 MP: 4/4
   908 | D:1      | 908 ||| UPGRADING to +0 scale mail.
   918 | D:1      | 918 ||| DROPPING +0 leather armour.
   919 | D:1      | 919 ||| READING scroll labelled SANOAN CISEUM.
   920 | D:1      | 920 ||| DROPPING scroll of butterflies.
   952 | D:2      | 952 ||| STAIRDANCE
  1055 | D:2      | Reached XP level 3. HP: 13/20 MP: 5/5
  1286 | D:2      | Reached skill level 7 in Ranged Weapons
  1289 | D:2      | HP: 3/20 [gnoll/+0 spear (6)]
  1289 | D:2      | Slain by a gnoll

Levels and vault maps discovered:
D:1:      shiori_arrival_whats_in_store_for_you, layout_loops_corners,
          minmay_crystal_room, minmay_tripent
D:2:      layout_rooms

Skill      XL: |  1  2  3 |
---------------+----------+-----
Ranged Weapons | 6 7 |  7.0
Fighting       | |  1.5
Dodging        | |  2.4
Stealth        | |  1.2

Action                     || total
---------------------------++-------
   Fire: Shortbow          ||    95
    Use: Scroll            ||     1
 Armour: Leather armour    ||     2
         Scale mail        ||    16
  Dodge: Dodged            ||    22

Table legend:
 A = Non-vault XP
 B = Vault XP
 C = Vault XP percentage of total XP
 D = Non-vault monster count
 E = Vault monster count
 F = Vault count percentage of total count
                 A         B        C        D         E       F
            +---------+---------+-------+---------+---------+-------
      Total |      63 |       4 |   6.0 |      34 |       2 |   5.6
            +---------+---------+-------+---------+---------+-------
        D:1 |      31 |       4 |  11.4 |      20 |       2 |   9.1
        D:2 |      32 |       0 |   0.0 |      14 |       0 |   0.0
            +---------+---------+-------+---------+---------+-------
